Cogmind - Beta 14 @@@ ROGUE MODE // 2024.12.10 @ 23:49:58 Player: Duduxx Result: Destroyed by P-60 Hacker with Shock Rifle Performance ------------- Evolutions (1) 500 Regions Visited (4) 800 Robots Destroyed (41) 205 Value Destroyed (1293) 1293 Prototype IDs (3) 60 Alien Tech Used (0) 0 Bonus (761) 761 TOTAL SCORE: 3619 Bonus ------- High Alert Combat Kills 61 Entered Garrisons 200 Used RIF Installer 500 Cogmind --------- Core Integrity 0/400 Matter 294/300 Energy 95/100 System Corruption 6% Temperature Cool (0) Movement Core (150) Ox2 Location -9/Garrison Parts ------- > --- POWER (1) -------- (None) > --- PROPULSION (3) --- (None) > --- UTILITY (3) ------ Small Storage Unit > --- WEAPON (2) ------- Shock Maul > --- INVENTORY (8) ---- Improved Ion Engine Relay Coupler [Swarmer] (38) Relay Coupler [Grunt] (31) Peak State ------------ > --- POWER ------------ Improved Ion Engine > --- PROPULSION ------- Titanium Leg Titanium Leg Titanium Leg > --- UTILITY ---------- Heat Sink Cooling System Huge Storage Unit > --- WEAPON ----------- Heavy Particle Gun Heavy Particle Gun > --- INVENTORY -------- Ion Engine Light Ion Engine Titanium Leg Cesium-ion Thruster Cesium-ion Thruster Cesium-ion Thruster Cesium-ion Thruster Heat Sink Small Storage Unit Heavy Particle Gun [Rating: 25] Favorites ----------- Power Ion Engine Engine Ion Engine Propulsion Titanium Leg Treads Light Treads Leg Titanium Leg Flight Unit Cesium-ion Thruster Utility Heat Sink Device Heat Sink Storage Huge Storage Unit Protection Light Armor Plating Weapon Heavy Particle Gun Energy Gun Heavy Particle Gun Ballistic Gun Assault Rifle Impact Weapon Shock Maul Build | -11 -10 -9 -9 -9 ------- Run | Yrd Mat Mat Sto Gar Slots Evolved 2 | . . 2 . . Power . | . . . . . Propulsion 1 | . . 1 . . Utility 1 | . . 1 . . Weapon . | . . . . . Parts Attached 47 | 7 2 9 3 26 Power 9 | 2 . 1 1 5 Engine 9 | 2 . 1 1 5 Core . | . . . . . Reactor . | . . . . . Propulsion 19 | 2 . 4 . 13 Treads 4 | 2 . 1 . 1 Leg 7 | . . 3 . 4 Wheel . | . . . . . Hover . | . . . . . Flight 8 | . . . . 8 Utility 9 | 1 2 1 2 3 Device 5 | . 1 1 2 1 Storage 3 | 1 1 . . 1 Processor . | . . . . . Hackware . | . . . . . Protection 1 | . . . . 1 Artifact . | . . . . . Weapon 10 | 2 . 3 . 5 Energy Gun 7 | 1 . 3 . 3 Energy Cannon . | . . . . . Ballistic Gun 1 | 1 . . . . Ballistic Cannon . | . . . . . Launcher . | . . . . . Special Weapon . | . . . . . Impact Weapon 2 | . . . . 2 Slashing Weapon . | . . . . . Piercing Weapon . | . . . . . Special Melee Weapon . | . . . . . Unidentified Prototypes 3 | . . 1 . 2 Corrupted Parts 1 | . 1 . . . System Corruption 1 | . 1 . . . Parts Lost 17 | . . . 2 15 Power 4 | . . . . 4 Propulsion 5 | . . . . 5 Utility 5 | . . . 2 3 Weapon 3 | . . . . 3 Highest Loss Streak 8 | . . . 2 8 To Critical Strikes . | . . . . . Average Slot Usage (%) 91 | . 94 91 99 86 Engine 10 | . 14 11 11 9 Treads 9 | . 28 19 . . Leg 17 | . . 7 33 21 Flight 2 | . . . . 5 Device 16 | . 8 21 21 15 Storage 11 | . 14 11 11 11 Protection 2 | . . . . 5 Energy Gun 16 | . 14 11 22 16 Ballistic Gun 4 | . 14 9 . . Peak Build Rating 25 | 6 7 25 25 25 Average Rating 15 | 4 6 11 24 18 On Entrance 12 | . 6 7 25 25 Naked Turns . | . . . . . Heaviest Build 96 | 14 90 96 96 91 Greatest Support 60 | 40 40 60 51 51 Greatest Overweight (x) 4 | 1 2 2 1 4 Average Overweight (x) . | . . 1 1 . Largest Inventory Capacity 25 | 8 25 25 25 25 Average Capacity 16 | 7 17 25 25 8 Most Carried 16 | 1 3 11 14 16 Average Carried 5 | . 2 5 11 5 Final Capacity 25 | 8 25 25 25 8 Final Carried 14 | 1 3 10 14 3 Class Distribution -------------------- 86% | Mutant 6% | Scavenger-Mutant 6% | Sprinter Dominant Class ---------------- Mutant | -10/Materials Mutant | -9/Materials Mutant | -9/Storage Mutant | -9/Garrison Resources | -11 -10 -9 -9 -9 ----------- Run | Yrd Mat Mat Sto Gar Matter Collected 698 | 162 60 152 90 234 Remotely . | . . . . . Salvage Created 1412 | . 60 293 384 675 Parts 90 | . 5 19 23 43 Haulers Intercepted 1 | . . . 1 . Recyclers Shooed . | . . . . . Parts Field Recycled . | . . . . . Retrieved Matter . | . . . . . Parts Self-Destructed . | . . . . . Prevented . | . . . . . Kills | -11 -10 -9 -9 -9 ------- Run | Yrd Mat Mat Sto Gar Combat Hostiles Destroyed 37 | . 1 6 8 22 Melee 1 | . . . . 1 Guns 35 | . 1 6 8 20 Classes Destroyed 7 | . 3 1 2 1 Worker 1 | . 1 . . . Hauler 1 | . . . 1 . Watcher 2 | . 1 . 1 . Swarmer 13 | . . . 3 10 Grunt 13 | . 1 4 2 6 Brawler 1 | . . . . 1 Sentry 10 | . . 2 3 5 Best Kill Streak 9 | . 1 4 5 9 Combat Bots Only 9 | . 1 4 5 9 Max Kills in Single Turn 2 | . 1 1 2 2 Gunslinging 1 | . . . 1 1 Exploded . | . . . . . Melee 1 | . . . . 1 Uniques/NPCs Destroyed . | . . . . . Combat | -11 -10 -9 -9 -9 -------- Run | Yrd Mat Mat Sto Gar Hostile Shots Fired 262 | . 4 35 54 169 Missed 66 | . 2 9 10 45 Damage Taken 2361 | . 22 372 596 1371 Core 403 | . . 50 106 247 Absorbed by Shields . | . . . . . Core Remaining (%) 100 | 100 100 . . . Volleys Fired 126 | . 6 16 27 77 Largest 2 | . 2 2 2 2 Hottest 111 | . 60 60 110 111 Shots Fired 209 | . 12 32 54 111 Gun 209 | . 12 32 54 111 Cannon . | . . . . . Launcher . | . . . . . Special . | . . . . . Kinetic 22 | . 6 16 . . Thermal 165 | . . . 54 111 Explosive . | . . . . . Electromagnetic 22 | . 6 16 . . Robot Hit Streak 13 | . 4 10 12 13 Robot Miss Streak 4 | . 3 1 3 4 Penetration Max . | . . . . . Secondary Targets 6 | . . 2 2 2 Max Gunslinging Chain 1 | . . 1 1 1 Shots Hit Robots 129 | . 6 25 40 58 Core Hits 52 | 1 3 11 12 25 Critical Kills . | . . . . . Critical Parts Destroyed 2 | . . . . 2 Critical Strikes 12 | . . 1 2 9 Burn 9 | . . . 2 7 Corrupt 1 | . . 1 . . Smash 2 | . . . . 2 Melee Attacks 4 | . . . . 4 Impact 4 | . . . . 4 Slashing . | . . . . . Piercing . | . . . . . Sneak Attacks . | . . . . . Combat Hostiles . | . . . . . Follow-up Attacks . | . . . . . Damage Inflicted 2391 | 2 83 386 798 1122 Guns 2188 | . 83 307 798 1000 Cannons . | . . . . . Explosions 79 | . . 79 . . Melee 122 | . . . . 122 Ramming 2 | 2 . . . . Kinetic 170 | . 34 136 . . Thermal 1877 | . . 79 798 1000 Explosive . | . . . . . Electromagnetic 220 | . 49 171 . . Impact 122 | . . . . 122 Slashing . | . . . . . Piercing . | . . . . . Highest Corruption 6 | . 1 2 2 6 Average Corruption 1 | . 1 2 2 2 Corruption Purged . | . . . . . Corruption Blocked . | . . . . . Effects 22 | . . . 6 16 Message Errors 3 | . . . 2 1 Matter Fused 4 | . . . . 4 Heat Flow Errors 4 | . . . 1 3 Energy Discharges 4 | . . . 1 3 Parts Rejected 3 | . . . . 3 Data Loss (minor) 4 | . . . 2 2 Overload Shots . | . . . . . Overflow Damage 62 | . . 1 . 61 Projectiles . | . . . . . Explosions 1 | . . 1 . . Melee 61 | . . . . 61 Knockbacks . | . . . . . Impact . | . . . . . Kinetic . | . . . . . Secondary . | . . . . . Self-Inflicted Damage 29 | . . 29 . . Shots 1 | . . 1 . . Rammed 1 | 1 . . . . Targets Rammed 2 | 1 1 . . . Kicked . | . . . . . Crushed 1 | . 1 . . . Highest Temperature 489 | . 12 . 91 489 Average Temperature 151 | . 10 . 15 173 Received Heat Transfer 606 | . 12 150 195 249 Effects 6 | . . . . 6 Shutdowns 1 | . . . . 1 Interference 5 | . . . . 5 Siege Activations . | . . . . . Robots Corrupted 1 | . . . . 1 Combat Hostiles 1 | . . . . 1 Parts Fried 2 | . . . . 2 Impact Corruptions 3 | . . . . 3 Robots Melted . | . . . . . Combat Hostiles . | . . . . . Parts Melted 11 | . . . 5 6 Heat Transferred 4241 | . . 100 1665 2476 Parts Sabotaged . | . . . . . Parts Stolen . | . . . . . Parts Stripped . | . . . . . Power Chain Reactions 1 | . . 1 . . Alert | -11 -10 -9 -9 -9 ------- Run | Yrd Mat Mat Sto Gar Peak Influence 594 | . 47 227 350 594 Initial 100 | . . 19 95 100 Average 214 | . 26 151 237 335 Maximum Alert Level 2 | . . 1 1 2 Low Security (%) 48 | 100 100 63 44 15 Level 1 43 | . . 36 55 64 Level 2 8 | . . . . 20 Level 3 . | . . . . . Level 4 . | . . . . . Level 5 . | . . . . . High Security . | . . . . . Max Security . | . . . . . Squads Dispatched 3 | . . 2 1 . Investigation . | . . . . . Extermination . | . . . . . Reinforcement 2 | . . 2 . . Assault . | . . . . . Garrison 1 | . . . 1 . Intercept . | . . . . . Searches Triggered . | . . . . . Construction Impeded . | . . . . . Haulers Reinforced . | . . . . . Active Scanning Responses . | . . . . . Cargo Convoy Interrupts . | . . . . . Stealth | -11 -10 -9 -9 -9 --------- Run | Yrd Mat Mat Sto Gar Distress Signals 4 | . 1 2 1 . Communications Jammed . | . . . . . Distress Signals . | . . . . . Times Spotted 49 | . 3 11 10 25 Peak Tracking Total 5 | . 3 5 4 5 Tactical Retreats 1 | . . . . 1 Traps | -11 -10 -9 -9 -9 ------- Run | Yrd Mat Mat Sto Gar Traps Triggered 1 | . . . . 1 Indirectly . | . . . . . Trap Hack Attempts . | . . . . . Triggered . | . . . . . Disarmed . | . . . . . Reprogrammed . | . . . . . Reused . | . . . . . Traps Extracted . | . . . . . Installed . | . . . . . Triggered . | . . . . . Machines | -11 -10 -9 -9 -9 ---------- Run | Yrd Mat Mat Sto Gar Machines Disabled 1 | . . . . 1 Max in Single Turn 1 | . . . . 1 Garrison Relay 1 | . . . . 1 Machines Repaired . | . . . . . Machines Dismantled . | . . . . . Machines Sabotaged . | . . . . . Overloaded Fab Kills . | . . . . . Hacking | -11 -10 -9 -9 -9 --------- Run | Yrd Mat Mat Sto Gar Machines Accessed 3 | . . . 2 1 Terminals 2 | . . . 1 1 Fabricators . | . . . . . Repair Stations . | . . . . . Recycling Units . | . . . . . Scanalyzers . | . . . . . Garrison Access 1 | . . . 1 . Total Hacks 7 | . . . 3 4 Successful 3 | . . . 2 1 Failed 4 | . . . 1 3 Catastrophic 1 | . . . 1 . Database Lockouts . | . . . . . Manual . | . . . . . Terminals 6 | . . . 2 4 Fabricators . | . . . . . Repair Stations . | . . . . . Recycling Units . | . . . . . Scanalyzers . | . . . . . Garrison Access 1 | . . . 1 . Terminal Hacks 2 | . . . 1 1 Open Door 1 | . . . 1 . Emergency Access Points 1 | . . . . 1 Fabricator Hacks . | . . . . . Repair Station Hacks . | . . . . . Recycling Unit Hacks . | . . . . . Scanalyzer . | . . . . . Garrison Access Hacks 1 | . . . 1 . Unlock Access 1 | . . . 1 . Unauthorized Hacks . | . . . . . Terminals . | . . . . . Fabricators . | . . . . . Repair Stations . | . . . . . Recycling Units . | . . . . . Scanalyzers . | . . . . . Garrison Access . | . . . . . Data Cores Recovered . | . . . . . Used . | . . . . . Hacking Detections 1 | . . . . 1 Full Trace Events 1 | . . . . 1 Feedback Events . | . . . . . Feedback Blocked . | . . . . . Robot Schematics Acquired . | . . . . . Robots Built . | . . . . . Authchips . | . . . . . Time . | . . . . . Total Robot Build Rating . | . . . . . Part Schematics Acquired . | . . . . . Parts Built . | . . . . . Authchips . | . . . . . Time . | . . . . . Total Part Build Rating . | . . . . . Parts Repaired . | . . . . . Time . | . . . . . Parts Recycled . | . . . . . Recycled Matter . | . . . . . Retrieved Matter . | . . . . . Retrieved Components . | . . . . . Parts Scanalyzed . | . . . . . Part Schematics Acquired . | . . . . . Parts Damaged . | . . . . . Bothacking | -11 -10 -9 -9 -9 ------------ Run | Yrd Mat Mat Sto Gar Used RIF Installer 1 | . . . . 1 Robots Hacked . | . . . . . Non-combat . | . . . . . Combat . | . . . . . Robot Hacks Applied . | . . . . . Relay Couplers Released 3 | . . . . 3 Machine Destruction 3 | . . . . 3 Fabnet Peak Effective % . | . . . . . Robots Rewired . | . . . . . Allies Hacked . | . . . . . Hacks Repelled . | . . . . . Allies | -11 -10 -9 -9 -9 -------- Run | Yrd Mat Mat Sto Gar Total Allies . | . . . . . Largest Group . | . . . . . Highest-Rated Group . | . . . . . Highest-Rated Ally . | . . . . . Total Orders . | . . . . . Ally Attacks . | . . . . . Total Damage . | . . . . . Kills . | . . . . . Allies Corrupted . | . . . . . Allies Melted . | . . . . . Intel | -11 -10 -9 -9 -9 ------- Run | Yrd Mat Mat Sto Gar Robot Analysis Total . | . . . . . Derelict Logs Recovered . | . . . . . Drone Launches . | . . . . . Drone Recoveries . | . . . . . Exploration | -11 -10 -9 -9 -9 ------------- Run | Yrd Mat Mat Sto Gar Turns Passed 1987 | 63 365 365 401 793 Spaces Moved 884 | 34 151 107 149 443 Core 6 | 3 . . . 3 Treads 285 | 31 151 76 . 27 Legs 491 | . . 31 149 311 Wheels . | . . . . . Hover . | . . . . . Flight 102 | . . . . 102 Fastest Speed 29 | 50 160 200 200 29 Average Speed 165 | 153 226 262 200 110 Slowest Speed 320 | 160 320 320 200 250 Overloaded Moves . | . . . . . Propulsion Burnouts . | . . . . . Robots Hopped . | . . . . . Cave-ins Triggered . | . . . . . Exploration Rate (%) 21 | 4 33 12 27 32 Regions Visited 4 Branch Regions 1 Pre-discovered Areas . | . . . . . Known Exits Taken 1 | . . . 1 . Unknown Exits Taken 3 | 1 1 1 . . Scrap Searched . | . . . . . Spaces Dug . | . . . . . Terrain Destroyed 3 | . . 3 . . Melee . | . . . . . Projectile . | . . . . . AOE 3 | . . 3 . . Terrain Rammed . | . . . . . Walls Destroyed . | . . . . . Machines Disabled . | . . . . . Actions | -11 -10 -9 -9 -9 --------- Run | Yrd Mat Mat Sto Gar Total 1196 | 41 162 163 198 632 Wait 62 | . . 7 12 43 Move 881 | 33 150 106 149 443 Hop . | . . . . . Pick Up 28 | . 2 11 5 10 Fast Attach 29 | 6 1 5 2 15 Attach 13 | . . 3 1 9 Detach 19 | . . 6 1 12 Swap 5 | 1 1 1 . 2 Drop 27 | . 1 8 1 17 Fire 126 | . 6 16 27 77 Melee 4 | . . . . 4 Ram . | . . . . . Kick . | . . . . . Crush 2 | 1 1 . . . Escape Stasis . | . . . . . Rewire . | . . . . . Trap . | . . . . . Miscellaneous . | . . . . . Route ------- -11/Scrapyard -10/Materials -9/Materials -9/Storage -9/Garrison History --------- Turn | Location | Event 16 | -11/Scrapyard | Discovered new exit (range 15) 64 | -11/Scrapyard | Entered Materials 301 | -10/Materials | Build established: Mutant 342 | -10/Materials | Discovered new exit (range 10) 429 | -10/Materials | Entered another Materials area 429 | -9/Materials | Evolved 2 slots: Propulsion x1, Utility x1 584 | -9/Materials | Discovered new exit (range 16) 794 | -9/Materials | Entered Storage 870 | -9/Storage | Garrison activated, responded to threat 1195 | -9/Storage | Identified exit to Garrison 1195 | -9/Storage | Entered Garrison 1273 | -9/Garrison | Core integrity fell below 50% 1542 | -9/Garrison | Lost 3 parts (1n1u1w) 1692 | -9/Garrison | Installed Relay Interface Framework 1718 | -9/Garrison | Garrison Relay disabled 1918 | -9/Garrison | Destroyed 9 combat bots 1922 | -9/Garrison | Triggered checkpoint 1922 | -9/Garrison | Triggered checkpoint 1970 | -9/Garrison | Core integrity fell below 20% 1988 | -9/Garrison | Destroyed by P-60 Hacker with Shock Rifle Last Messages --------------- 01957_ Titanium Leg destroyed. 01970_ System corrupted: Ion Engine rejected. 01971_ Acquired Ion Engine. 01976_ Ion Engine destroyed. 01977_ S-10 Pest suffers critical hit (Smash). 01977_ Destroyed Lgt. Ion Engine. 01977_ S-10 Pest system corrupted by crushing effect. 01977_ Flight Unit fried. 01977_ S-10 Pest destroyed. 01979_ Heat Sink destroyed. 01984_ Titanium Leg destroyed. 01986_ S-10 Pest suffers critical hit (Smash). 01986_ Destroyed Flight Unit. 01986_ Destroyed Lgt. Ion Engine. 01986_ S-10 Pest system corrupted by crushing effect. 01987_ S-10 Pest system terminally corrupted. 01987_ Flight Unit fried. 01988_ System corrupted: Matter fused (-6). Map ----- +----------------------------------------------------+ | ?????????????????????????????????????????????????? | | ?????????????+???????????????????????????????????? | | ?????????? ?? ??????????????????????????????? | | ??????+??# ## #?????????????????????????????? | | ?+??? ?? ^ #?????????????????????????????? | | ???? ??^ +?????????????????????????????? | | ???? ??^ +?????????????????????????????? | | ????# ?#* =!## #?????????????????????????????? | | ???## ##^^[%## ###???????????????????????????? | | ???? ^%=[=! #???????????????????????????? | | ????" ^ %%= #???????????????????????????? | | ??# " =[ #???????????????????????????? | | ??? ? * +?????????????##????????????? | | ????# ?# [%## #??????????????? #????????????? | | ##### ## !## #????????????###+###??????????? | | % #### #######?#]] !!#??????????? | | [ %= + [=#?#]] !!#??????????? | | [[ ########## ### #??????????? | | ???###+### =% ##=%[#????????#=!%+ +??????????? | | ?????????# ## =*#????????#%### #??????????? | | ?????????####### = #????????# #?#!! !!#??????????? | | ???????????????# #????????# #?#!! !!#??????????? | | ???????????????# #????????#%#?###+###??????????? | | ???????????????# ########## #???? #????????????? | | ???????????????# %%+ #????##????????????? | | ???????????????# ##T###@### #??????????????????? | | ???????????????# ####?# #?# #??????????????????# | | ???????????????# #????# #?# #??????????????????# | | ???????????????# ######p###"###########+######## | | ???????????????# [ = = | | ???????????????# *= ==== = = | | ???????????????# [ = [ [ | | ???????????????########## ###"########### ######## | | ????????????????????????# #?# #?????????###??????? | | ????????????????????????# #?# #??????????????????? | | ????????????????????????# ###%##?????????????????? | | ????????????????????????# ## =!#?????????????????? | | ????????????????????????# ## % #######???????????? | | ????????????????????????# #???????????? | | ????????????????????????##### #### #???#####???? | | ???????????????????????????## ##?# ! #####!!!#???? | | ???????????????????????????# ^ #?# + !#???? | | ???????????????????????????#" "#?# #####!!!#???? | | ???????????????????????????#" "#?# #???#####???? | | ???????????????????????????#" "#?# #???????????? | | ???????????????????????????#"""#?#####???????????? | | ???????????????????????????#####?????????????????? | | ?????????????????????????????????????????????????? | | ?????????????????????????????????????????????????? | | ?????????????????????????????????????????????????? | +----------------------------------------------------+ Best States ------------- Heat Dissipation 60 Energy Generation 12 Energy Capacity 265 Matter Stores 300 Matter Capacity 300 Sight Range 16 Terrain Scan Density 10 Armor Coverage 150 Evasion (%) 64 Recoil Reduction 3 Item Schematics ----------------- None Robot Schematics ------------------ None Fabricated ------------ Nothing Alien Tech Used ----------------- None Achievements -------------- None Challenges ------------ None Game ------ Seed AdvancedDrainedShovel Manual? 0 Play Time 00:20:58 Cumulative 78.6 hours Start 2024.12.10 @ 20:50:31 End 2024.12.10 @ 23:49:58 Sessions 3 Manual Loads 0 Difficulty Rogue Special Mode None Game No. 160 Rogue 160 Adventurer 0 Explorer 0 Win Type - Total 0 Types 0/0/0/0/0/0/0/0/0 Lore% 22 Gallery% 41 Achievement% 33 Wizard Run 0 Options --------- Layout 1 ASCII 0 Keyboard 1 Movement Arrows Keybinds 0 Fullscreen 1 Font 24/Smallcaps Map View 50x35 Zoom Use 0% Tactical HUD 1 Map Filters NONE Filters NONE Steam 1 RUN: e7277036-ad80-4342-b668-433749d6a9f2